 Dungeon Crawl Stone Soup version 0.24.1 (webtiles) character file.

Game seed: 15821098226822060432, levelgen mode: deterministic

54 Destapler the Skirmisher (level 3, -4/33 HPs)
             Began as a Hill Orc Abyssal Knight on Mar 31, 2020.
             Was a Follower of Lugonu.
             Slain by a gnoll
             ... wielding a +0 spear
              (12 damage)
             ... on level 2 of the Dungeon.
             The game lasted 00:05:21 (1381 turns).

Destapler the Skirmisher (Hill Orc Abyssal Knight)  Turns: 1381, Time: 00:05:22

Health: -4/33      AC:  3    Str: 15    XL:     3   Next: 91%
Magic:  5/5        EV: 11    Int: 12    God:    Lugonu [*.....]
Gold:   127        SH:  4    Dex: 15    Spells: 2/2 levels left

rFire    . . .     SeeInvis .   a - +1 hand axe
rCold    . . .     Gourm    .   j - +0 buckler (curse)
rNeg     . . .     Faith    .   i - +0 leather armour (curse)
rPois    .         Spirit   .   (no helmet)
rElec    .         Reflect  .   (no cloak)
rCorr    .         Harm     .   (no gloves)
MR       .....                  (no boots)
Stlth    +.........             (no amulet)
HPRegen  0.11/turn              k - +5 ring of dexterity
MPRegen  0.09/turn              (no ring)

@: no status effects
A: no striking features
a: Depart the Abyss, Renounce Religion


You were on level 2 of the Dungeon.
You worshipped Lugonu.
Lugonu was aware of your devotion.
You were hungry.

You visited 1 branch of the dungeon, and saw 2 of its levels.
You visited the Abyss 1 time.

You collected 127 gold pieces.

Inventory:

Hand Weapons
 a - a +1 hand axe (weapon)
Missiles
 d - 8 poisoned darts (quivered)
 n - 6 boomerangs
Armour
 b - a +0 leather armour
 i - a cursed +0 leather armour (worn)
 j - a cursed +0 buckler (worn)
Jewellery
 k - a +5 ring of dexterity (left hand)
Scrolls
 e - a scroll of noise {unknown}
 g - 2 scrolls of identify {unknown}
 h - a scroll of remove curse {unknown}
Potions
 f - a potion of agility {unknown}
 l - a potion of heal wounds {unknown}
Comestibles
 c - 2 rations
 m - 4 chunks of flesh


   Skills:
 + Level 4.1 Fighting
 + Level 3.3 Axes
 + Level 2.7 Armour
 - Level 1.0 Dodging
 * Level 1.5 Shields
 + Level 3.1 Invocations


You had 2 spell levels left.
You didn't know any spells.
Your spell library was empty.

Dungeon Overview and Level Annotations

Branches:
Dungeon (2/15)

Altars:


Message History

You block the gnoll's attack.
You barely miss the gnoll.
The gnoll is heavily wounded.
The gnoll hits you with a +0 spear.
* * * LOW HITPOINT WARNING * * *
The gnoll hits you with a +0 spear.
* * * LOW HITPOINT WARNING * * *
You completely miss the gnoll.
The gnoll is heavily wounded.
You block the gnoll's attack.
You barely miss the gnoll.
The gnoll is heavily wounded.
The gnoll closely misses you.
Throwing (i - inventory. (/) - cycle)
d - 9 poisoned darts (quivered)
Press: ? - help, Shift-Dir - straight line, f/p - gnoll
Aim: a gnoll, wielding a +0 club (moderately wounded)
You throw a poisoned dart. The poisoned dart hits the gnoll.
The gnoll is heavily wounded.
The gnoll hits you with a +0 spear!
You die...

### #### ... ..# #..
#.# #####
###..###.########...#
#...................###
#$#..###.########...#..
#....###.###### ##.....
#...@gg.....# ####..
#......####.....# ##.
#.##.#. #.....# #. # #.
#(....# #.
#.#.####.....# #.
#...gg....>### ##.
#...################.#
. .. #.......##.## .##
#.#####.#.##


You could see 2 gnolls.

Vanquished Creatures
  A gnoll (D:2)
  An adder (D:2)
  A worm (D:2)
  A dart slug (D:2)
  A leopard gecko (D:2)
  2 giant cockroaches (D:1)
  8 hobgoblins
  A ball python (D:2)
  3 bats (D:1)
  3 frilled lizards
  A goblin (D:2)
  5 kobolds
  3 rats
31 creatures vanquished.

Notes
Turn   | Place    | Note
-------+----------+-------------------------------------------
     0 | Abyss:1  | Destapler the Hill Orc Abyssal Knight began the quest for
                  | the Orb.
     0 | Abyss:1  | Reached XP level 1. HP: 19/19 MP: 2/2
    14 | Abyss:2  | Found a corrupted altar of Lugonu.
    26 | Abyss:2  | Noticed a ynoxinul
    35 | Abyss:2  | Noticed a chaos spawn
    36 | Abyss:2  | Noticed an apocalypse crab
    47 | Abyss:2  | Noticed a water nymph
    47 | Abyss:2  | a glowing shapeshifter changed into a water nymph
    47 | Abyss:2  | Found a transporter.
    48 | Abyss:2  | Noticed a tentacled monstrosity
    48 | Abyss:2  | Noticed a tentacled monstrosity
    48 | D:1      | Escaped the Abyss
   555 | D:1      | Reached skill level 1 in Dodging
   555 | D:1      | Reached XP level 2. HP: 27/27 MP: 3/3
   568 | D:1      | Reached * piety under Lugonu
  1185 | D:2      | Reached skill level 4 in Fighting
  1185 | D:2      | Reached skill level 1 in Shields
  1185 | D:2      | Reached XP level 3. HP: 30/33 MP: 5/5
  1381 | D:2      | Slain by a gnoll

Levels and vault maps discovered:
D:1:      lightli_arrival_quake, layout_loops_ring
D:2:      layout_loops_cross, uniq_crazy_yiuf_cottage

Skill      XL: |  1  2  3 |
---------------+----------+-----
Dodging        | 1 |  1.0
Axes           | 3 |  3.3
Fighting       | 4 |  4.1
Shields        | 1 |  1.5
Invocations    | 3 |  3.1
Armour         | |  2.7

Action                   || total
-------------------------++-------
Melee: Hand axe          ||    99
Throw: Dart              ||     8
Invok: Depart the Abyss  ||     1
  Eat: Chunk             ||     1
Armor: Leather armour    ||    34
Dodge: Dodged            ||    52
Block: Buckler           ||    13
